 Dungeon Crawl Stone Soup version 0.29.1 (webtiles) character file.

Game seed: 9411281860382617594

20 Icepheonix32 the Insei (level 2, -1/21 HPs)
             Began as a Merfolk Transmuter on Sept 13, 2022.
             Slain by an adder (2 damage)
             ... on level 2 of the Dungeon.
             The game lasted 00:00:49 (1151 turns).

Icepheonix32 the Insei (Merfolk Transmuter)         Turns: 1151, Time: 00:00:49

Health: -1/21      AC:  2    Str: 10    XL:     2   Next: 79%
Magic:  4/5        EV: 13    Int: 12    God:
Gold:   62         SH:  0    Dex: 14    Spells: 4/5 levels left

rFire   . . .      SeeInvis .     - Unarmed
rCold   . . .      Faith    .   (no shield)
rNeg    . . .      Spirit   .   a - +0 robe
rPois   .          Reflect  .   (helmet currently unavailable)
rElec   .          Harm     .   (no cloak)
rCorr   .          Rampage  .   (no gloves)
Will    .....                   (boots currently unavailable)
Stlth   +.........              (no amulet)
HPRegen 0.07/turn               (no ring)
MPRegen 0.09/turn               (no ring)

@: appendages (expiring)
A: horns 2, (nimble swimmer 2), mertail
a: End Transformation


You were on level 2 of the Dungeon.
You had temporarily grown beastly horns.
You visited 1 branch of the dungeon, and saw 2 of its levels.

You collected 62 gold pieces.

Inventory:

Armour
 a - a +0 robe (worn)
Scrolls
 d - a scroll of torment {unknown}
 f - a scroll of poison {unknown}
 h - a scroll of teleportation {unknown}
Potions
 b - a potion of lignification
 c - a potion of curing {unknown}
 e - a potion of flight {unknown}
 g - a potion of attraction {unknown}


   Skills:
 - Level 1.1 Fighting
 + Level 3.0 Dodging
 + Level 4.0 Unarmed Combat
 - Level 2.0 Spellcasting
 + Level 3.1 Transmutations


You had 4 spell levels left.
You knew the following spells:

 Your Spells              Type           Power      Damage    Failure   Level
a - Beastly Appendage     Tmut           16%        N/A       8%          1

Your spell library contained the following spells:

 Spells                   Type           Power      Damage    Failure   Level
 Wereblood                Tmut           8%         N/A       12%         2
 Spider Form              Tmut/Pois      4%         N/A       41%         3
 Ice Form                 Ice/Tmut       4%         N/A       82%         4


Dungeon Overview and Level Annotations

Branches:
Dungeon (2/15)

Altars:


Innate Abilities, Weirdness & Mutations

You have temporarily grown beastly horns.
((You are very nimble when in or above water. (Stealth+, EV+, Speed+++)))
Your lower body shifts to a powerful aquatic tail in water.


Message History

An adder is nearby!
Your horns disappear.
You grow a pair of large bovine horns.
The adder bites you.
You are poisoned.
The adder poisons you!
You closely miss the adder.
You feel sick. The adder bites you but does no damage.
You closely miss the adder.
You feel sick. The adder bites you. The adder bites you but does no damage.
You hit the adder. Your headbutt misses the adder.
The adder is heavily wounded.
You feel sick. The adder barely misses you.
You hit the adder. Your headbutt misses the adder.
The adder is almost dead.
Your transformation is almost over.
You feel sick. The adder closely misses you.
You completely miss the adder.
The adder is almost dead.
You feel sick. The adder bites you.
You are too injured to fight recklessly!
You are too injured to fight recklessly!
You are too injured to fight recklessly!
You are too injured to fight recklessly!
You are too injured to fight recklessly!
You are too injured to fight recklessly!
You are too injured to fight recklessly!
You feel sick. The adder bites you.
* * * LOW HITPOINT WARNING * * *
You hit the adder but do no damage.
The adder is almost dead.
You feel sick.
You are no longer poisoned.
The adder bites you.
* * * LOW HITPOINT WARNING * * *
The adder barely misses you.
Okay, then.
You miss the adder.
The adder is almost dead.
The adder bites you.
You die...

....#.# .## ...#.# ..
# #..#.# .#
#..##..#.###.#
#............# #
...<>..<....## .#.##
#..##..#.#...##......
#.....†....$.....
#.#..#.@.##....#.
...#...#S## .#.#
.$.#####..... # #.<
........ #.
#.###.#..>. ...
#.#.... ## #....##
### ..


You could see an adder.

Vanquished Creatures
  A worm (D:2)
  2 endoplasms (D:1)
  A goblin (D:1)
  A hobgoblin (D:1)
  3 ball pythons (D:1)
  2 bats (D:1)
  3 frilled lizards (D:1)
  2 kobolds (D:1)
  4 rats (D:1)
19 creatures vanquished.

Notes
Turn   | Place    | Note
-------+----------+-------------------------------------------
     0 | D:1      | Icepheonix32 the Merfolk Transmuter began the quest for the
                  | Orb.
     0 | D:1      | Reached XP level 1. HP: 15/15 MP: 3/3
   379 | D:1      | Found a faded altar of an unknown god.
   397 | D:1      | Reached XP level 2. HP: 17/21 MP: 3/5
  1132 | D:2      | Reached skill level 4 in Unarmed Combat
  1150 | D:2      | HP: 1/21 [adder (3)]
  1151 | D:2      | Slain by an adder

Illustrated notes

Levels and vault maps discovered:
D:1:      mrwooster_arrival_statue_2, layout_basic,
          shapermc_ecumenical_altar_venn
D:2:      layout_loops_ring, minmay_split_cup_small, uniq_crazy_yiuf_cottage

Skill      XL: |  1  2 |
---------------+-------+-----
Dodging        | 3 |  3.0
Transmutations | 3 |  3.1
Unarmed Combat | 4 |  4.0
Fighting       | |  1.1
Spellcasting   | |  2.0

Action                   || total
-------------------------++-------
Melee: Unarmed           ||    45
       Headbutt          ||     3
       Punch             ||     1
 Cast: Beastly Appendage ||    20
 Stab: Sleeping          ||     2
Armor: Robe              ||    12
Dodge: Dodged            ||    25
